cohdb
Replays
Latest Replays
All Replays
Popular Replays
Top Player Replays
Match Explorer
How It Works
Community
CoH3 Stats
Reddit
Sign in to upload your games and track your stats! →
Sign in with Steam
Match 46569378
Unlisted
Match 46569378
Overview
Messages
Build Orders
End
Construct Section Command Post
Vickers Machine Gun Team
Infantry Section
Infantry Section
Grenade Package
Selects Air and Sea Battlegroup
Selects Supply Surplus
Construct Resource Cache
Dingo Light Scout Car
Construct Resource Cache
Infantry Section
Construct Platoon Command Post
Selects Commando Section Paradrop
Selects M1 Pack Howitzer Paradrop
Commando Section Paradrop
Construct Resource Cache
Selects UNKNOWN (223837)
Unlock M3 Stuart Light Tanks
M3 Stuart Light Tank
Construct Company Command Post
Centaur IV Medium Tank
Construct Resource Cache
Matilda II Heavy Tank
M1 Pack Howitzer Paradrop
Royal Engineer Section
Kenzilian
SEX-IINSTRUCTOR
BawBaggins
KingImRing
IronDragon
Vergil
0
0
Comments
sign in to comment!
No comments posted yet!